 Dungeon Crawl Stone Soup version 0.18.1-8-gdd0e5ea (webtiles) character file.

203 doobiedoo23 the Ruffian (level 5, -2/47 HPs)
             Began as a Ghoul Monk on May 24, 2016.
             Slain by Duvessa
             ... wielding a +0 short sword
              (5 damage)
             ... on level 4 of the Dungeon.
             The game lasted 00:11:45 (3077 turns).

doobiedoo23 the Ruffian (Ghoul Monk)                Turns: 3077, Time: 00:11:46

Health: -2/47      AC:  3    Str: 16    XL:     5   Next: 81%
Magic:  4/4        EV: 12    Int:  5    God:
Gold:   149        SH:  0    Dex: 11    Spells: 0 memorised, 4 levels left

rFire  x . .     SeeInvis .       - Unarmed
rCold  + + .     Gourm    .     o - +0 leather armour {rPois}
rNeg   + + +     Faith    .     (no shield)
rPois  ∞         Spirit   .     (no helmet)
rElec  .         Dismiss  .     (no cloak)
rCorr  .         Reflect  .     (no gloves)
SustAt .         Harm     .     (no boots)
MR     .....                    (no amulet)
Stlth  ++........               y - ring of flight
                                x - ring of ice

@: very slightly contaminated, rotting, not resistant to hostile enchantments,
unstealthy
A: rotting body, claws 1, carnivore 3, cold resistance 1, negative energy
resistance 3, slow regeneration 1, torment resistance, unbreathing
a: Evoke Flight


You were on level 4 of the Dungeon.
You were not hungry.

You visited 1 branch of the dungeon, and saw 4 of its levels.

You collected 149 gold pieces.

Inventory:

Hand Weapons
 i - a +0 dagger
 j - a +0 short sword of holy wrath
Missiles
 d - 78 stones (quivered)
 v - 3 poisoned needles
 w - 24 arrows
Armour
 a - a +0 robe
 e - a +2 ring mail of fire resistance
 g - a +0 leather armour
 m - a +0 robe
 o - a +0 leather armour of poison resistance (worn)
 r - a +0 leather armour
Jewellery
 x - a ring of ice (left claw)
 y - a ring of flight (right claw)
Scrolls
 c - a scroll of immolation {unknown}
 k - 2 scrolls of amnesia {unknown}
 l - 5 scrolls of remove curse {unknown}
 q - a scroll of fog {unknown}
 s - a scroll of enchant armour {unknown}
 t - a scroll of magic mapping {unknown}
Potions
 h - a potion of ambrosia {unknown}
 n - 2 potions of heal wounds {unknown}
 u - a potion of lignification {unknown}
 z - a potion of haste {unknown}
 B - 2 potions of agility
Comestibles
 b - 2 meat rations
 p - 6 bread rations
 A - 8 chunks of flesh


   Skills:
 + Level 4.4 Fighting
 + Level 0.1 Throwing
 + Level 0.5 Armour
 + Level 3.6 Dodging
 + Level 2.4 Stealth
 + Level 5.9 Unarmed Combat


You had 4 spell levels left.
You didn't know any spells.

Dungeon Overview and Level Annotations

Branches:
Dungeon (4/15)
 Temple: D:4-7

Altars:
Fedhas
Ru

Annotations:
D:4 Dowan, Duvessa


Innate Abilities, Weirdness & Mutations

Your body is rotting away.
You thrive on raw meat.
You are immune to poison.
You have sharp fingernails.
You are carnivorous and can eat meat at any time.
Your flesh is cold resistant.
You are immune to negative energy.
You regenerate slowly when monsters are visible.
You are immune to unholy pain and torment.
You can survive without breathing.


Message History

The goblin shoots a stone.
The stone hits you.
* * * LOW HITPOINT WARNING * * *
You continue eating.
The goblin shoots a stone.
The stone barely misses you.
Blink to where?
Press: ? - help, Dir - move target cursor You can't see that place. [a stone staircase leading down.] Sorry, you can't target what you can't see.
Okay, then.
The goblin shoots a stone.
The stone misses you. Duvessa closely misses you.
You see here a stone.
Blink to where?
Press: ? - help, Dir - move target cursor
As you read the scroll of blinking, it crumbles to dust.
The goblin shoots a stone.
The stone hits you.
* * * LOW HITPOINT WARNING * * *
A phantom comes into view.
Duvessa is no longer moving quickly.
Duvessa hits you with a short sword.
You die...

........#
#######.####### ##
#.......# .#
#.#####.# ..#
#.#####.# ...#
#.......#####...##
###..###..#.........
..#..# #.(......<...
#.#..###..#e@.......
#.#.......###.#W...#
#.#.##.##.# .# ...#
#####g#.g.(...# .#
..# #........#(#..#
.# .#
...##.........# .# #
#..###.#.#.#.## ..
....##.#.....# ##
#...##.###.######


You could see a phantom (wandering) and Duvessa.

Vanquished Creatures
  A scorpion (D:4)
  A hound (D:4)
  3 adders (D:2)
  An ooze (D:4)
  4 dart slugs
  3 giant geckos
  9 orcs (D:3)
  2 giant cockroaches
  5 goblins
  8 hobgoblins
  12 jackals
  5 kobolds
  A ball python (D:3)
  5 bats
  3 giant newts
  8 rats
  A plant (D:3)
72 creatures vanquished.

Notes
Turn   | Place    | Note
--------------------------------------------------------------
     0 | D:1      | doobiedoo23 the Ghoul Monk began the quest for the Orb.
     0 | D:1      | Reached XP level 1. HP: 19/19 MP: 0/0
   238 | D:1      | Reached XP level 2. HP: 25/26 MP: 1/1
   760 | D:1      | Reached XP level 3. HP: 22/33 MP: 2/2
   966 | D:2      | Reached skill level 5 in Unarmed Combat
  1103 | D:2      | Reached XP level 4. HP: 17/40 MP: 3/3
  1221 | D:2      | Found a sacrificial altar of Ru.
  2268 | D:3      | Found a blossoming altar of Fedhas.
  2883 | D:4      | Reached XP level 5. HP: 46/46 MP: 4/4
  3037 | D:4      | Noticed Duvessa
  3040 | D:4      | Noticed Dowan
  3073 | D:4      | HP: 2/47 [goblin/stone (4)]
  3076 | D:4      | Noticed a phantom
  3077 | D:4      | Slain by Duvessa

Skill      XL: |  1  2  3  4 |
---------------+-------------+-----
Dodging        | 3 |  3.6
Unarmed Combat | 5 |  5.9
Fighting       | 4 |  4.4
Throwing       | |  0.1
Armour         | |  0.5
Stealth        | |  2.4

Action                   |  1- 3 |  4- 6 || total
-------------------------+-------+-------++-------
Melee: Unarmed           |    81 |   148 ||   229
       Punch             |     1 |     4 ||     5
Throw: Stone             |       |     7 ||     7
  Use: Scroll            |       |     4 ||     4
 Stab: Sleeping          |     1 |     2 ||     3
  Eat: Chunk             |     4 |    18 ||    22
       Meat ration       |       |     1 ||     1
Armor: Robe              |     7 |     3 ||    10
       Leather armour    |       |    27 ||    27
Dodge: Dodged            |    71 |   124 ||   195
